Unix NetHack Version 5.0.0-0 post-release - last build Jun 10 2026 00:39:30 (3ee93aec679c4c4259841fe613dc97188e26a321,branch:main).

Game began 2026-07-05 01:41:03, ended 2026-07-05 01:54:28.

Brudee, chaotic female human Rogue

                -----------
                |.........|
                |.<.......|
                |.........|
                |.........|
                |..........
                --.--------
                  #                  --
              #####                 ..
              #                    .C|
              #                 q  ..|
             ##                 @ ...-----   |
           ###                  #f.....C......
         --.-------------       # C.........C|
         |.>............-######## ------------
         |..............|
         |.......^......|
         ----------------

Brudee the Cutpurse     St:25 Dx:18 Co:11 In:11 Wi:11 Ch:11  Chaotic S:634
Dlvl:5  $:26 HP:0(30) Pw:11(11) AC:5  Xp:4/102 T:1635 

Latest messages:
 The manes hits again!
 The manes bites!
 You kill the grid bug!
 You hit the manes!
 You destroy the manes!
 You swap places with Sparky.
 You destroy the manes!
 Sparky bites the manes.
 The manes is destroyed!
 A gush of water hits Sparky's right foreleg!
 Sparky misses the manes.
 Sparky bites the manes.
 Sparky misses the manes.
 Sparky bites the manes.
 The manes is destroyed!
 M - a clay ring.
 You swap places with Sparky.
 The door opens.
 You kill the newt!
 N - a scroll labeled HAPAX LEGOMENON.
 There is an open door here.
 You see here a newt corpse.
 There is a newt corpse here; eat it? [ynq] (n) y
 This newt corpse is stringy.
 You finish eating the newt corpse.
 You kill the newt!
 You see here a newt corpse.
 There is a newt corpse here; eat it? [ynq] (n) y
 This newt corpse is fatty.
 You finish eating the newt corpse.
 The rothe misses!
 The rothe bites!
 The rothe bites again!
 It misses the rothe.
 It misses the rothe.
 You hit the rothe!
 The rothe hits!
 The rothe misses!
 The rothe bites!
 It misses the rothe.
 It misses the rothe.
 You kill the rothe!
 Sparky eats a rothe corpse.
 You hit the rothe!
 The rothe hits!
 The rothe bites!
 The rothe bites again!
 You die...
 Do you want your possessions identified? [ynq] (y) y
 Do you want to see your attributes? [ynq] (y) q

Inventory:
 Coins    ('$')
  $ - 26 gold pieces
 Amulets  ('"')
  l - an uncursed amulet versus poison
 Weapons  (')')
  b - a +0 dagger (weapon in right hand)
  n - 7 +0 daggers (at the ready)
  x - a +0 knife
 Armor    ('[')
  C - an uncursed +0 orcish helm (being worn)
  B - an uncursed +0 pair of gauntlets of power (being worn)
  c - an uncursed +1 leather armor (being worn)
 Scrolls  ('?')
  E - a cursed scroll of amnesia
  N - a cursed scroll of charging
  y - an uncursed scroll of identify
  z - an uncursed scroll of identify
  q - a blessed scroll of magic mapping
  L - a cursed scroll of teleportation
 Spellbooks  ('+')
  h - an uncursed spellbook of extra healing
 Potions  ('!')
  G - a cursed potion of gain energy
  t - a blessed potion of healing
  J - 2 uncursed potions of healing
  v - 2 cursed potions of healing
  w - an uncursed potion of speed
  s - an uncursed potion of water
 Rings    ('=')
  M - a cursed ring of fire resistance
  g - an uncursed +1 ring of gain strength
  H - an uncursed +1 ring of gain strength
 Wands    ('/')
  I - a wand of digging (0:4)
 Tools    ('(')
  i - an uncursed sack containing 4 items
  o - a frost horn (0:4)
  e - an uncursed lock pick
 Gems/Stones  ('*')
  D - an uncursed opal

Contents of the sack:
  an uncursed scroll of identify
  an uncursed potion of gain energy
  an uncursed potion of sickness
  3 potions of holy water

Brudee the Rogue's attributes:

Background:
 You were a Cutpurse, a level 4 female human Rogue.
 You were chaotic, on a mission for Kos
 who was opposed by Issek (lawful) and Mog (neutral).
 You were right-handed.
 You were in the Dungeons of Doom, on level 5.
 You entered the dungeon 1635 turns ago.
 It was nighttime.
 You had 102 experience points, 58 more were needed to attain level 5.
 Your score was 634 before end-of-game adjustments.

Basics:
 You had 0 out of 30 hit points.
 You had all 11 energy points (spell power).
 Your armor class was 5.
 Your wallet contained 26 zorkmids.
 Autopickup was on for '$!=+?/"' plus thrown.

Final Characteristics:
 Your strength was 25 (base:13, innate limit:18/100).
 Your dexterity was 18 (limit:18).
 Your constitution was 11 (limit:18).
 Your intelligence was 11 (limit:18).
 Your wisdom was 11 (limit:18).
 Your charisma was 11 (limit:18).

Final Status:
 You weren't hungry.
 You were unencumbered.
 You were wielding a dagger.
 You had basic skill with dagger.

Final Attributes:
 You were devoutly aligned.
 You were stealthy.
 You were warded.
 You are dead.

Miscellaneous:
 You didn't encounter any bones levels.
 Total elapsed playing time was 13 minutes and 24 seconds.

Major events:
 Turn
    1: Brudee the chaotic female human Rogue entered the dungeon
 1022: attained the rank of Cutpurse (level 3)
 1212: entered the Gnomish Mines
 1635: killed by a rothe

You didn't know any spells.

Skills:
 Fighting Skills
   bare handed combat [Unskilled]
   two weapon combat  [Unskilled]
   riding             [Unskilled]
 Weapon Skills
   dagger             [Basic]
   knife              [Unskilled]
   short sword        [Basic]
   broadsword         [Unskilled]
   long sword         [Unskilled]
   two-handed sword   [Unskilled]
   saber              [Unskilled]
   club               [Unskilled]
   mace               [Unskilled]
   morning star       [Unskilled]
   flail              [Unskilled]
   hammer             [Unskilled]
   polearms           [Unskilled]
   spear              [Unskilled]
   crossbow           [Unskilled]
   dart               [Unskilled]
   shuriken           [Unskilled]
 Spellcasting Skills
   divination spells  [Unskilled]
   escape spells      [Unskilled]
   matter spells      [Unskilled]

Voluntary challenges:
 Character rerolling was not enabled.
 You were illiterate.
 You never genocided any monsters.
 You never polymorphed an object.
 You never changed form.
 You used no wishes.
Achievements:
 You entered a shop.
 You attained the rank of Cutpurse.
 You entered the Gnomish Mines.

 The Dungeons of Doom: levels 1 to 5
    Level 1:
       An altar to Kos.
    Level 2:
       A potion shop, some fountains, a sink.
    Level 3:
       A general store.
       Stairs down to The Gnomish Mines.
    Level 4:
       A potion shop.
    Level 5: <- You were here.
       Final resting place for
          you, killed by a rothe.
 The Gnomish Mines:
    Level 4:


Vanquished creatures:
  a rothe
  a dwarf zombie
  a wererat
  2 iguanas
  a coyote
  a hobbit
  6 manes
  a green mold
  a red mold
  a gnome
  3 jackals
  2 foxes
  a kobold
  2 goblins
  2 sewer rats
  7 grid bugs
  a lichen
  2 kobold zombies
  7 newts
43 creatures vanquished.

No species were genocided or became extinct.

Game over:
                       ----------
                      /          \
                     /    REST    \
                    /      IN      \
                   /     PEACE      \
                  /                  \
                  |      Brudee      |
                  |      26 Au       |
                  |   killed by a    |
                  |      rothe       |
                  |                  |
                  |                  |
                  |       2026       |
                 *|     *  *  *      | *
        _________)/\\_//(\/(/\)/\//\/|_)_______

Goodbye Brudee the Rogue...

You died in The Dungeons of Doom on dungeon level 5 with 632 points,
and 26 pieces of gold, after 1635 moves.
You were level 4 with a maximum of 30 hit points when you died.

